AoeStats
← sheriffsheriffsheriff

Arabia

510591609Analyzed
1v1 RM · 23h ago on Oct 1, 2026· 46m 59s· 2 players
Game mode
Random Map
Map size
Tiny (2 player)
Population
200
Speed
Normal
Resources
Standard
Victory
Conquest
Starting age
Dark Age
Ending age
Imperial Age
RankedLock teamsTeams togetherTeam positionsShared explorationLock speedFull tech treeHidden civsTurbo modeCheats
Victory
Defeat
🇨🇭 Italians · Switzerland
1522
+15
🇬🇷 Teutons · Greece
1493
-15
The_Lifetamer
7:12 Loom
9:25 Feudal Age
9:47 Horse Collar
9:53 Double-Bit Axe
11:23 Wheelbarrow
10:27 Man-at-Arms
13:59 Town Watch
22:11 Castle Age
20:12 Gold Mining
21:40 Fletching
21:52 Padded Archer Armor
23:07 Bodkin Arrow
23:30 Bow Saw
24:14 Heavy Plow
25:23 Scale Barding Armor
25:29 Forging
26:49 Bloodlines
28:05 Squires
29:34 Hand Cart
30:49 Stone Mining
30:49 Pikeman
31:45 Scale Mail Armor
40:13 Masonry
44:10 Imperial Age
42:02 Ballistics
43:21 Ironclad
43:44 Chain Mail Armor
44:08 Iron Casting
44:44 Town Patrol
45:07 Chain Barding Armor
45:18 Crenellations
45:18 Conscription
46:07 Chemistry
46:20 Plate Mail Armor
46:09 Halberdier
sheriffsheriffsheriff
6:45 Loom
9:18 Feudal Age
10:15 Man-at-Arms
13:28 Fletching
19:50 Double-Bit Axe
22:52 Castle Age
21:17 Horse Collar
22:52 Gold Mining
23:16 Padded Archer Armor
23:25 Scale Barding Armor
23:30 Forging
24:35 Bloodlines
26:28 Town Watch
28:39 Husbandry
30:46 Wheelbarrow
30:36 Crossbowman
31:49 Chain Barding Armor
36:13 Hand Cart
36:50 Iron Casting
42:07 Imperial Age
40:27 Bodkin Arrow
40:32 Padded Archer Armor
43:02 Ballistics
44:27 Chemistry
43:37 Masonry
43:36 Bracer
43:52 Leather Archer Armor
43:33 Elite Genoese Crossbowman
45:20 Conscription
46:20 Ring Archer Armor
Connection lost

Rejoining the realm…

Still unreachable

The connection could not be restored.

Session expired

The server has moved on; the page needs a fresh start.